| TOP OF THE 1ST |
|---|
| Utah Utes batting - Pitching for Stanford Cardinals : RHP David Stein | | Pitching: RHP David Stein | | | Batting: LHB Nick Dillard | 0-0: Called Strike 0-1: Foul Ball, location: 2F 0-2: Ball 1-2: Ball 2-2: Fly out, F5 (Popup, 56S) | | Batting: LHB Julian Gaddy | 0-0: Ball 1-0: Ball 2-0: SINGLE (Groundball, 4MD) | | Batting: RHB Mike Molan | 0-0: Called Strike 0-1: Ball 1-1: Ball 2-1: SINGLE (Groundball, 34D) Julian Gaddy to second Runner from 2nd tries for 3rd, OUT! | | Batting: LHB Jim Mueller | 0-0: Ball 1-0: Called Strike 1-1: Ball 2-1: Ball 3-1: Called Strike 3-2: Strikes out swinging | | Top of the 1st over - 0 run(s), 2 hit(s), 0 error(s), 1 left on base; Utah 0 - Stanford 0 | | BOTTOM OF THE 1ST |
|---|
| Stanford Cardinals batting - Pitching for Utah Utes : LHP Dave Kamhi | | Pitching: LHP Dave Kamhi | | | Batting: RHB Tony Fimbres | 0-0: Ground out 3-1 (Groundball, 34) | | Batting: RHB David Locke | 0-0: SINGLE (Groundball, 56D) | | Batting: SHB Dave Abell | 0-0: Called Strike 0-1: Fly out, F7 (Flyball, 7D) | | Batting: RHB Justin Cartwright | 0-0: Ball 1-0: Ball 2-0: SINGLE (Groundball, 6MD) David Locke to second Runner from 2nd tries for 3rd, SAFE, no throw | | Batting: SHB Alex Ledesma | 0-0: Called Strike 0-1: Ball 1-1: Ball 2-1: Ball 3-1: Foul Ball, location: 2F 3-2: Strikes out swinging | | Bottom of the 1st over - 0 run(s), 2 hit(s), 0 error(s), 2 left on base; Utah 0 - Stanford 0 | | TOP OF THE 2ND |
|---|
| Utah Utes batting - Pitching for Stanford Cardinals : RHP David Stein | | Batting: SHB Eric Winters | 0-0: SINGLE (Groundball, 6MD) | | Batting: RHB Jim Ramirez | 0-0: Swinging Strike 0-1: Ball 1-1: Foul Ball, location: 2F 1-2: Ball 2-2: Strikes out swinging | | Batting: RHB Randy Doucet | 0-0: Ball 1-0: Foul Ball, location: 2F 1-1: Grounds into double play, 1-6-3 (Groundball, 13) | | Top of the 2nd over - 0 run(s), 1 hit(s), 0 error(s), 0 left on base; Utah 0 - Stanford 0 | | BOTTOM OF THE 2ND |
|---|
| Stanford Cardinals batting - Pitching for Utah Utes : LHP Dave Kamhi | | Batting: RHB Eric Bruce | 0-0: Called Strike 0-1: Ball 1-1: Ground out 6-3 (Groundball, 6MS) | | Batting: SHB Jose Gutierrez | 0-0: Ball 1-0: Ball 2-0: Ball 3-0: Called Strike 3-1: Called Strike 3-2: Foul Ball, location: 2F 3-2: Ground out 6-3 (Groundball, 6) | | Batting: RHB Adam Wolfe | 0-0: Swinging Strike 0-1: Ball 1-1: Swinging Strike 1-2: Foul Ball, location: 2F 1-2: Foul Ball, location: 2F 1-2: Foul Ball, location: 2F 1-2: Ball 2-2: Foul Ball, location: 2F 2-2: Strikes out swinging | | Bottom of the 2nd over - 0 run(s), 0 hit(s), 0 error(s), 0 left on base; Utah 0 - Stanford 0 | | TOP OF THE 3RD |
|---|
| Utah Utes batting - Pitching for Stanford Cardinals : RHP David Stein | | Batting: LHB Steven Bish | 0-0: Ball 1-0: Ball 2-0: Ball 3-0: Called Strike 3-1: Swinging Strike 3-2: Foul Ball, location: 2F 3-2: Base on Balls | | Batting: RHB Kyle Franklin | 0-0: Ball 1-0: Foul Ball, location: 2F 1-1: Fly out, F9 (Flyball, 89M) | | Batting: LHB Nick Dillard | 0-0: Called Strike 0-1: Foul Ball, location: 2F 0-2: Strikes out swinging | | Batting: LHB Julian Gaddy | 0-0: Ball Steven Bish steals 2nd base 1-0: Called Strike 1-1: SINGLE (Line Drive, 3L) Steven Bish to third Runner from 3rd tries for Home, SAFE, throw made home | | Batting: RHB Mike Molan | 0-0: Called Strike 0-1: Ball 1-1: Fly out, F6 (Line Drive, 6) | | Top of the 3rd over - 1 run(s), 1 hit(s), 0 error(s), 1 left on base; Utah 1 - Stanford 0 | | BOTTOM OF THE 3RD |
|---|
| Stanford Cardinals batting - Pitching for Utah Utes : LHP Dave Kamhi | | Batting: RHB Jason Ellis | 0-0: Called Strike 0-1: Fly out, F2 (Popup, 23F) | | Batting: RHB Tony Fimbres | 0-0: Ball 1-0: Called Strike 1-1: Ball 2-1: SOLO HOME RUN (Flyball, 8LD), Distance : 432 ft | | Batting: RHB David Locke | 0-0: Fly out, F8 (Flyball, 8RD) | | Batting: SHB Dave Abell | 0-0: Ball 1-0: Ball 2-0: DOUBLE (Line Drive, 78XD) | | Batting: RHB Justin Cartwright | 0-0: Ball 1-0: Swinging Strike 1-1: Called Strike 1-2: Foul Ball, location: 2F 1-2: Ball 2-2: Strikes out looking | | Bottom of the 3rd over - 1 run(s), 2 hit(s), 0 error(s), 1 left on base; Utah 1 - Stanford 1 | | TOP OF THE 4TH |
|---|
| Utah Utes batting - Pitching for Stanford Cardinals : RHP David Stein | | Batting: LHB Jim Mueller | 0-0: Ball 1-0: DOUBLE (Line Drive, 9LD) | | Batting: SHB Eric Winters | 0-0: Ball 1-0: Called Strike 1-1: Ball 2-1: Fly out, F7 (Flyball, 7S) | | Batting: RHB Jim Ramirez | 0-0: Called Strike 0-1: Foul Ball, location: 2F 0-2: Foul Ball, location: 2F 0-2: Fly out, F7 (Flyball, 78S) | | Batting: RHB Randy Doucet | 0-0: Fly out, F8 (Flyball, 8LS) | | Top of the 4th over - 0 run(s), 1 hit(s), 0 error(s), 1 left on base; Utah 1 - Stanford 1 | | BOTTOM OF THE 4TH |
|---|
| Stanford Cardinals batting - Pitching for Utah Utes : LHP Dave Kamhi | | Batting: SHB Alex Ledesma | 0-0: Ball 1-0: Called Strike 1-1: Foul Ball, location: 2F 1-2: Foul Ball, location: 2F 1-2: Foul Ball, location: 2F 1-2: Foul Ball, location: 2F 1-2: Foul Ball, location: 2F 1-2: Strikes out swinging | | Batting: RHB Eric Bruce | 0-0: Ball 1-0: Foul Ball, location: 2F 1-1: Called Strike 1-2: Strikes out swinging | | Batting: SHB Jose Gutierrez | 0-0: Ball 1-0: Fly out, F3 (Popup, 3S) | | Bottom of the 4th over - 0 run(s), 0 hit(s), 0 error(s), 0 left on base; Utah 1 - Stanford 1 | | TOP OF THE 5TH |
|---|
| Utah Utes batting - Pitching for Stanford Cardinals : RHP David Stein | | Batting: LHB Steven Bish | 0-0: Ball 1-0: Ball 2-0: Ball 3-0: Called Strike 3-1: Foul Ball, location: 2F 3-2: Base on Balls | | Batting: RHB Kyle Franklin | 0-0: Swinging Strike Steven Bish steals 2nd base 0-1: Foul Ball, location: 2F 0-2: Ball 1-2: Foul Ball, location: 2F 1-2: Strikes out swinging | | Batting: LHB Nick Dillard | 0-0: Ball 1-0: Called Strike 1-1: Ball 2-1: Foul Ball, location: 2F 2-2: Foul Ball, location: 2F 2-2: Ball 3-2: Strikes out swinging | | Batting: LHB Julian Gaddy | 0-0: SINGLE (Line Drive, 34) Steven Bish to third | | Batting: RHB Mike Molan | 0-0: Ground out 4-3 (Groundball, 4) | | Top of the 5th over - 0 run(s), 1 hit(s), 0 error(s), 2 left on base; Utah 1 - Stanford 1 | | BOTTOM OF THE 5TH |
|---|
| Stanford Cardinals batting - Pitching for Utah Utes : LHP Dave Kamhi | | Batting: RHB Adam Wolfe | 0-0: Ball 1-0: Ball 2-0: Ball 3-0: Called Strike 3-1: Called Strike 3-2: Foul Ball, location: 2F 3-2: Foul Ball, location: 2F 3-2: Strikes out swinging | | Batting: RHB Jason Ellis | 0-0: Ball 1-0: Foul Ball, location: 2F 1-1: Fly out, F7 (Flyball, 7) | | Batting: RHB Tony Fimbres | 0-0: Called Strike 0-1: Foul Ball, location: 2F 0-2: Foul Ball, location: 2F 0-2: Strikes out looking | | Bottom of the 5th over - 0 run(s), 0 hit(s), 0 error(s), 0 left on base; Utah 1 - Stanford 1 | | TOP OF THE 6TH |
|---|
| Utah Utes batting - Pitching for Stanford Cardinals : RHP David Stein | | Batting: LHB Jim Mueller | 0-0: Ball 1-0: Ground out 4-3 (Groundball, 4) | | Batting: SHB Eric Winters | 0-0: Ball 1-0: Foul Ball, location: 2F 1-1: Ball 2-1: Called Strike 2-2: Ball 3-2: Ground out U3 (Groundball, 3) | | Batting: RHB Jim Ramirez | 0-0: Foul Ball, location: 2F 0-1: Ball 1-1: Ball 2-1: SINGLE (Line Drive, 34D) | | Pitching: RHP Scott Gray | | | Batting: RHB Randy Doucet | 0-0: Ball 1-0: Foul Ball, location: 2F 1-1: Ball 2-1: Ground out 5-3 (Groundball, 56S) | | Top of the 6th over - 0 run(s), 1 hit(s), 0 error(s), 1 left on base; Utah 1 - Stanford 1 | | BOTTOM OF THE 6TH |
|---|
| Stanford Cardinals batting - Pitching for Utah Utes : LHP Dave Kamhi | | Batting: RHB David Locke | 0-0: Ball 1-0: Called Strike 1-1: SINGLE (Flyball, 7S) | | Pitching: LHP John Nehl | | | Batting: SHB Dave Abell | 0-0: Called Strike 0-1: Called Strike 0-2: Ball 1-2: Fly out, F8 (Flyball, 8RM) | | Batting: RHB Justin Cartwright | 0-0: Ball 1-0: Swinging Strike 1-1: Ball 2-1: Ball 3-1: Swinging Strike 3-2: Base on Balls David Locke to second | | Batting: SHB Alex Ledesma | 0-0: Called Strike 0-1: Called Strike 0-2: Ball 1-2: Fly out, F8 (Line Drive, 8RM) | | Batting: RHB Eric Bruce | 0-0: Ball 1-0: Called Strike 1-1: Swinging Strike 1-2: Ground out 1-3 (Groundball, P) | | Bottom of the 6th over - 0 run(s), 1 hit(s), 0 error(s), 2 left on base; Utah 1 - Stanford 1 | | TOP OF THE 7TH |
|---|
| Utah Utes batting - Pitching for Stanford Cardinals : RHP Scott Gray | | Batting: LHB Steven Bish | 0-0: Ball 1-0: Ball 2-0: Ball 3-0: Base on Balls | | Pinch Hitting: SHB Chris Franklin | 0-0: Ball 1-0: Ball 2-0: Foul Ball, location: 2F 2-1: Foul Ball, location: 2F 2-2: Strikes out swinging | | Batting: LHB Nick Dillard | 0-0: Swinging Strike 0-1: Foul Ball, location: 2F 0-2: SINGLE (Line Drive, 4) Steven Bish to second | | Batting: LHB Julian Gaddy | 0-0: Called Strike 0-1: Foul Ball, location: 2F 0-2: Ball 1-2: Foul Ball, location: 2F 1-2: Ball 2-2: Ball 3-2: Foul Ball, location: 2F 3-2: Base on Balls Steven Bish to third Nick Dillard to second | | Batting: RHB Mike Molan | 0-0: Foul Ball, location: 2F 0-1: Called Strike 0-2: Ball 1-2: Fly out, F7 (Flyball, 7LM) | | Batting: LHB Jim Mueller | 0-0: GRAND SLAM HOME RUN (Flyball, 89XD), Distance : 407 ft | | Pitching: LHP Brett Jozwiak | | | Batting: SHB Eric Winters | 0-0: Ball 1-0: Ball 2-0: Called Strike 2-1: Ball 3-1: Base on Balls | | Batting: RHB Jim Ramirez | 0-0: Called Strike 0-1: Ball 1-1: Called Strike 1-2: Strikes out swinging | | Top of the 7th over - 4 run(s), 2 hit(s), 0 error(s), 1 left on base; Utah 5 - Stanford 1 | | BOTTOM OF THE 7TH |
|---|
| Stanford Cardinals batting - Pitching for Utah Utes : LHP John Nehl | | Now at 2B: Chris Franklin | | | Batting: SHB Jose Gutierrez | 0-0: Fly out, F7 (Line Drive, 7S) | | Batting: RHB Adam Wolfe | 0-0: Ground out 4-3 (Groundball, 4) | | Batting: RHB Jason Ellis | 0-0: Called Strike 0-1: Called Strike 0-2: Strikes out swinging | | Bottom of the 7th over - 0 run(s), 0 hit(s), 0 error(s), 0 left on base; Utah 5 - Stanford 1 | | TOP OF THE 8TH |
|---|
| Utah Utes batting - Pitching for Stanford Cardinals : LHP Brett Jozwiak | | Batting: RHB Randy Doucet | 0-0: Called Strike 0-1: Called Strike 0-2: Fly out, F3 (Popup, 3SF) | | Batting: LHB Steven Bish | 0-0: Ball 1-0: Ball 2-0: Ball 3-0: Base on Balls | | Batting: SHB Chris Franklin | 0-0: Ball 1-0: Foul Ball, location: 2F 1-1: Ball 2-1: Ball 3-1: Fly out, F9 (Flyball, 89M) | | Batting: LHB Nick Dillard | 0-0: Ball 1-0: Fly out, F8 (Flyball, 8LM) | | Top of the 8th over - 0 run(s), 0 hit(s), 0 error(s), 1 left on base; Utah 5 - Stanford 1 | | BOTTOM OF THE 8TH |
|---|
| Stanford Cardinals batting - Pitching for Utah Utes : LHP John Nehl | | Batting: RHB Tony Fimbres | 0-0: Called Strike 0-1: Fly out, F7 (Flyball, 78S) | | Batting: RHB David Locke | 0-0: Foul Ball, location: 2F 0-1: Foul Ball, location: 2F 0-2: Ball 1-2: Ground out 5-3 (Groundball, 56) | | Batting: SHB Dave Abell | 0-0: Foul Ball, location: 2F 0-1: Ball 1-1: Ball 2-1: Foul Ball, location: 2F 2-2: Foul Ball, location: 2F 2-2: Ground out 6-3 (Groundball, 56) | | Bottom of the 8th over - 0 run(s), 0 hit(s), 0 error(s), 0 left on base; Utah 5 - Stanford 1 | | TOP OF THE 9TH |
|---|
| Utah Utes batting - Pitching for Stanford Cardinals : LHP Brett Jozwiak | | Batting: LHB Julian Gaddy | 0-0: Ball 1-0: Ground out 4-3 (Groundball, 4) | | Batting: RHB Mike Molan | 0-0: Ground out 6-3 (Groundball, 6M) | | Batting: LHB Jim Mueller | 0-0: Foul Ball, location: 2F 0-1: SINGLE (Groundball, 34D) | | Batting: SHB Eric Winters | 0-0: Called Strike 0-1: Ball 1-1: DOUBLE (Groundball, 5L) Jim Mueller to third | | Batting: RHB Jim Ramirez | 0-0: Ball 1-0: Ball 2-0: Foul Ball, location: 2F 2-1: Ball 3-1: Foul Ball, location: 2F 3-2: SINGLE (Flyball, 7S) Jim Mueller scores Eric Winters to third Eric Winters scores | | Batting: RHB Randy Doucet | 0-0: Foul Ball, location: 2F 0-1: Ball 1-1: Fielders Choice at 2nd, 5-4 (Groundball, 5L) | | Top of the 9th over - 2 run(s), 3 hit(s), 0 error(s), 0 left on base; Utah 7 - Stanford 1 | | BOTTOM OF THE 9TH |
|---|
| Stanford Cardinals batting - Pitching for Utah Utes : LHP John Nehl | | Now at C: Mario Calderon | | | Batting: RHB Justin Cartwright | 0-0: Foul Ball, location: 2F 0-1: Foul Ball, location: 2F 0-2: Ball 1-2: DOUBLE (Line Drive, 9LM) - OUT at third base trying to stretch hit. | | Batting: SHB Alex Ledesma | 0-0: Ball 1-0: Called Strike 1-1: Foul Ball, location: 2F 1-2: Ball 2-2: Foul Ball, location: 2F 2-2: Fly out, F3 (Popup, 3) | | Batting: RHB Eric Bruce | 0-0: Foul Ball, location: 2F 0-1: Swinging Strike 0-2: Ball 1-2: Strikes out swinging | | Bottom of the 9th over - 0 run(s), 1 hit(s), 0 error(s), 0 left on base; Utah 7 - Stanford 1 | |